 Dungeon Crawl Stone Soup version 0.20-a0-941-gba1b1f9 (webtiles) character file.

4050 galech the Grappler (level 10, -5/96 HPs)
             Began as a Troll Monk on Mar 31, 2017.
             Was a High Priest of Cheibriados.
             Slain by a two-headed ogre
             ... wielding a +0 giant club
              (25 damage)
             ... on level 8 of the Dungeon.
             The game lasted 00:12:25 (6280 turns).

galech the Grappler (Troll Monk)                    Turns: 6280, Time: 00:12:25

Health: -5/96      AC:  6    Str: 38    XL:     10   Next: 4%
Magic:  9/9        EV: 15    Int: 20    God:    Cheibriados [*****.]
Gold:   372        SH:  0    Dex: 26    Spells: 9/9 levels left

rFire    . . .     SeeInvis .     - Unarmed
rCold    + . .     Gourm    +   (no shield)
rNeg     . . .     Faith    +   a - +0 robe
rPois    .         Spirit   .   (helmet restricted)
rElec    .         Reflect  .   B - +0 cloak
rCorr    .         Harm     .   (gloves unavailable)
MR       .....                  (boots unavailable)
Stlth    +++.......             k - amulet of faith (curse)
Regen    0.7/turn               r - ring of protection from fire
MPRegen  0.2/turn               C - ring of ice

@: very slow
A: unfitting armour, claws 3, blurry vision 1, fast metabolism 3, gourmand,
mutation resistance 1, regeneration 1, shaggy fur 1, tough skin 2, wild magic 1
a: Bend Time, Temporal Distortion, Slouch, Step From Time, Renounce Religion


You were on level 8 of the Dungeon.
You worshipped Cheibriados.
Cheibriados was extremely pleased with you.
You were completely stuffed.

You visited 2 branches of the dungeon, and saw 9 of its levels.
You also visited: Sewer.

You collected 372 gold pieces.

Inventory:

Armour
 a - a +0 robe (worn)
 B - a +0 cloak (worn)
Jewellery
 k - a cursed amulet of faith (around neck)
 r - a ring of protection from fire (left claw)
 u - an uncursed ring of positive energy
 C - a ring of ice (right claw)
 D - an uncursed ring of ice
Wands
 q - a wand of confusion (18/48)
 v - a wand of flame (24/48)
 G - a wand of iceblast (8/15)
Scrolls
 d - a scroll of fear
 e - a scroll of fog {unknown}
 i - 6 scrolls of remove curse {unknown}
 j - 3 scrolls of teleportation
 m - a scroll of noise
 n - 3 scrolls of blinking
 o - a scroll of recharging
 y - a scroll of enchant armour
 E - a scroll of magic mapping
 H - a scroll of random uselessness
Potions
 f - 2 potions of curing
 g - a potion of berserk rage
 l - 4 potions of heal wounds {unknown}
 p - 3 potions of brilliance {unknown}
 t - a potion of resistance {unknown}
 w - 3 potions of mutation {unknown}
 x - 3 potions of invisibility {unknown}
 z - 2 potions of agility {unknown}
 F - a potion of degeneration {unknown}
 I - a potion of haste
 J - a potion of flight
 K - a potion of lignification
Books
 s - a book of Geomancy

   Spells                             Type                      Level
   a - Sandblast                      Earth                        1
   b - Passwall                       Transmutation/Earth          2
   c - Stone Arrow                    Conjuration/Earth            3
   d - Petrify                        Transmutation/Earth          4
   e - Lee's Rapid Deconstruction     Earth                        5
 L - a book of Clouds

   Spells                             Type                      Level
   a - Poisonous Vapours              Poison/Air                   2
   b - Mephitic Cloud                 Conjuration/Poison/Air       3
   c - Conjure Flame                  Conjuration/Fire             3
   d - Freezing Cloud                 Conjuration/Ice/Air          6
   e - Ring of Flames                 Charms/Fire                  7
Comestibles
 b - 7 bread rations
 c - 4 royal jellies
 h - 3 meat rations


   Skills:
 + Level 5.1 Fighting
 + Level 6.4 Dodging
 + Level 4.0 Stealth
 + Level 10.6 Unarmed Combat


You had 9 spell levels left.
You didn't know any spells.

Dungeon Overview and Level Annotations

Branches:
Dungeon (8/15)             Temple (1/1) D:4
   Lair: D:8-11

Altars:
Ashenzari
Cheibriados
Dithmenos
Elyvilon
Fedhas
Gozag
Hepliaklqana
Kikubaaqudgha
Makhleb
Nemelex Xobeh
Okawaru
Qazlal
Ru
Sif Muna
Uskayaw
Vehumet
Wu Jian
Xom
Yredelemnul
Zin
The Shining One

Shops:
D:6 =


Innate Abilities, Weirdness & Mutations

You are too large for most types of armour.
You have claws for hands.
Your metabolism is lightning-fast.
You like to eat raw meat.
Your natural rate of healing is unusually fast.
You are covered in fur. (AC +1)
You have very tough skin. (AC +2)
Scrolls take you a little longer to read.
You are somewhat resistant to further mutation.
Your spells are a little harder to cast, but a little more powerful.


Message History

Cheibriados appreciates the change of pace.
Your Stealth skill increases to level 4!
You have reached level 10!
The two-headed ogre closely misses you. x2
The two-headed ogre barely misses you.
The two-headed ogre completely misses you.
The two-headed ogre misses you.
The two-headed ogre hits you but does no damage.
The two-headed ogre misses you.
The two-headed ogre hits you with a dire flail!
* * * LOW HITPOINT WARNING * * *
The two-headed ogre barely misses you.
The two-headed ogre hits you with a dire flail!
* * * LOW HITPOINT WARNING * * *
You see here a mace.
The two-headed ogre closely misses you. The two-headed ogre barely misses you.
You feel better.
Really read with blurry vision while enemies are nearby?
The two-headed ogre hits you with a giant club!!
You die...

#### #..##
####
#...####....
#.)....#
#......#
#ZO###.##
##@.# ##.##
###..
######.>##
##.# ....#
##......##
##...# #####
##..######
..## ##.###
..#
######.##
..#
##......#
/.#
..####.##
..# .## ###
..#


You could see a two-headed ogre and a quokka skeleton.

Vanquished Creatures
  The ghost of claquette the Fighter, a novice TrBe of Trog (D:8)
  A two-headed ogre (D:8)
  Grinder (D:4)
  3 ice beasts
  An orc warrior (D:8)
  A phantom (D:5)
  A sky beast (D:5)
  3 ogres
  Blork the orc (D:4)
  A bullfrog (D:8)
  A wyvern skeleton (D:7)
  6 killer bees (D:8)
  2 howler monkeys
  3 crimson imps
  2 bullfrog zombies (D:6)
  5 hounds
  A centaur skeleton (D:7)
  6 orc priests
  2 bullfrog skeletons
  Ijyb (D:3)
  Terence (D:3)
  3 orc wizards
  4 worker ants
  A hound zombie (D:5)
  A worker ant zombie (D:7)
  2 howler monkey zombies
  6 adders
  15 gnolls
  2 shadow imps
  5 oozes
  An adder skeleton (D:7)
  2 adder zombies
  5 worms
  A dart slug (D:2)
  5 leopard geckos
  17 orcs
  10 bats
  12 giant cockroaches
  A goblin (D:2)
  10 hobgoblins
  16 jackals
  3 quokkas
  4 ball pythons
  7 frilled lizards
  5 kobolds
  A leopard gecko skeleton (D:7)
  A leopard gecko zombie (D:5)
  A quokka skeleton (D:7)
  9 rats
194 creatures vanquished.

Vanquished Creatures (others)
  A human (D:5)
1 creature vanquished.

Grand Total: 195 creatures vanquished

Notes
Turn   | Place    | Note
-------+----------+-------------------------------------------
     0 | D:1      | galech the Troll Monk began the quest for the Orb.
     0 | D:1      | Reached XP level 1. HP: 23/23 MP: 0/0
   419 | D:1      | Reached XP level 2. HP: 31/31 MP: 1/1
  1108 | D:2      | Reached XP level 3. HP: 37/37 MP: 2/2
  1212 | D:2      | Reached skill level 1 in Unarmed Combat
  1421 | D:2      | Found a shattered altar of Ashenzari.
  1729 | D:3      | Reached XP level 4. HP: 46/46 MP: 3/3
  1795 | D:3      | Noticed Ijyb
  1816 | D:3      | Killed Ijyb
  1816 | D:3      | Reached skill level 2 in Unarmed Combat
  2161 | D:3      | Noticed Terence
  2176 | D:3      | Killed Terence
  2176 | D:3      | Reached XP level 5. HP: 45/54 MP: 4/4
  2504 | D:4      | Found a staircase to the Ecumenical Temple.
  2644 | D:4      | Reached skill level 3 in Unarmed Combat
  2824 | D:4      | Found a glowing drain.
  2828 | Sewer    | Entered a sewer
  3187 | Sewer    | Reached XP level 6. HP: 59/62 MP: 5/5
  3616 | D:4      | Noticed Grinder
  3616 | D:4      | Paralysed by Grinder for 4 turns
  3631 | D:4      | Killed Grinder
  3631 | D:4      | Reached skill level 4 in Unarmed Combat
  3746 | D:4      | Noticed Blork the orc
  3765 | D:4      | Killed Blork the orc
  3765 | D:4      | Reached skill level 5 in Unarmed Combat
  3765 | D:4      | Reached XP level 7. HP: 44/68 MP: 6/6
  3917 | Temple   | Entered the Ecumenical Temple
  4000 | Temple   | Became a worshipper of Cheibriados the Contemplative
  4000 | Temple   | Reached * piety under Cheibriados
  4000 | Temple   | Reached ** piety under Cheibriados
  4099 | D:5      | Entered Level 5 of the Dungeon
  4383 | D:5      | Reached skill level 6 in Unarmed Combat
  4503 | D:5      | Reached *** piety under Cheibriados
  4553 | D:5      | Reached XP level 8. HP: 49/78 MP: 7/7
  4587 | D:5      | Gained mutation: Your spells are a little harder to cast, but a little more powerful. [mutagenic meat]
  4588 | D:5      | Gained mutation: You are somewhat resistant to further mutation. [mutagenic meat]
  4590 | D:5      | Gained mutation: Scrolls take you a little longer to read. [mutagenic meat]
  4611 | D:5      | Reached skill level 5 in Dodging
  4635 | D:5      | Reached skill level 7 in Unarmed Combat
  4739 | D:5      | Found an ancient bone altar of Kikubaaqudgha.
  4911 | D:6      | Reached **** piety under Cheibriados
  5091 | D:6      | Found Ocrabb's Jewellery Shop.
  5221 | D:6      | Reached skill level 8 in Unarmed Combat
  5454 | D:7      | Reached ***** piety under Cheibriados
  5555 | D:7      | Reached XP level 9. HP: 84/85 MP: 8/8
  5743 | D:7      | Reached skill level 9 in Unarmed Combat
  6003 | D:8      | Noticed a two-headed ogre
  6094 | D:8      | Killed a two-headed ogre
  6094 | D:8      | Reached skill level 10 in Unarmed Combat
  6099 | D:8      | Reached skill level 5 in Fighting
  6262 | D:8      | Noticed claquette's ghost (novice TrBe)
  6264 | D:8      | Noticed a two-headed ogre
  6271 | D:8      | Killed claquette's ghost
  6271 | D:8      | Reached XP level 10. HP: 23/96 MP: 9/9
  6280 | D:8      | Slain by a two-headed ogre

Vault maps used:
D:1:      dpeg_arrival_brainrot
D:2:      minmay_door_path, nicolae_overflow_crystal_walls, first_bread,
          kennysheep_generic_room_12
D:3:      uniq_iyjb, uniq_terence
D:4:      minmay_temple_entry_mist, portal_sewer_entry_e, uniq_grinder,
          uniq_blork_the_orc
D:5:      tgw_kikubaaqudgha
D:6:      serial_shops, shop
Temple:   regret_index_temple_sigil_plot
Sewer:    sewer_fruit_machine

Skill      XL: |  1  2  3  4  5  6  7  8  9 |
---------------+----------------------------+-----
Unarmed Combat | 1 2 3 5 6 8 10 | 10.6
Dodging        | 4 5 6 |  6.4
Fighting       | 4 5 |  5.1
Stealth        | 3 4 |  4.0

Action                   |  1- 3 |  4- 6 |  7- 9 | 10-12 || total
-------------------------+-------+-------+-------+-------++-------
Melee: Unarmed           |   117 |   196 |   278 |       ||   591
       Punch             |       |     5 |    18 |       ||    23
  Use: Potion            |       |     1 |     1 |     1 ||     3
       Scroll            |       |       |    11 |       ||    11
 Stab: Sleeping          |    13 |     1 |     5 |       ||    19
       Distracted        |       |       |     3 |       ||     3
  Eat: Chunk             |    20 |    18 |    24 |       ||    62
Armor: Robe              |    53 |    72 |    83 |       ||   208
Dodge: Dodged            |    91 |   132 |   188 |     9 ||   420
